 Dungeon Crawl Stone Soup version 0.20.0-8-g6b59dc7 (webtiles) character file.

338 Jannitor the Shield-Bearer (level 6, -2/40 HPs)
             Began as a Gargoyle Fighter on May 30, 2017.
             Killed by nerve-wracking pain
             ... invoked by an orc priest
              (4 damage)
             ... on level 4 of the Dungeon.
             The game lasted 00:09:01 (4251 turns).

Jannitor the Shield-Bearer (Gargoyle Fighter)       Turns: 4251, Time: 00:09:02

Health: -2/40      AC: 11    Str: 18 (21) XL:     6   Next: 55%
Magic:  6/6        EV:  7    Int:  7 (9)  God:
Gold:   134        SH:  9    Dex:  7 (9)  Spells: 5/5 levels left

rFire    . . .     SeeInvis .   a - +0 flail
rCold    . . .     Gourm    .   c - +0 shield
rNeg     + . .     Faith    .   b - +0 scale mail
rPois    ∞         Spirit   .   (no helmet)
rElec    +         Reflect  .   (no cloak)
rCorr    .         Harm     .   (no gloves)
MR       .....                  (no boots)
Stlth    ..........             (no amulet)
Regen    0.2/turn               (no ring)
MPRegen  0.1/turn               (no ring)

@: no status effects
A: talons 1, negative energy resistance 1, electricity resistance, unbreathing,
petrification resistance, rot immunity, MP-powered wands, AC +4
a: no special abilities


You were on level 4 of the Dungeon.
You were not hungry.

You visited 1 branch of the dungeon, and saw 4 of its levels.

You collected 134 gold pieces.

Inventory:

Hand Weapons
 a - a +0 flail (weapon)
Armour
 b - a +0 scale mail (worn)
 c - a +0 shield (worn)
Jewellery
 g - an uncursed ring of fire
 r - an uncursed ring of wizardry
Scrolls
 d - 2 scrolls of identify
 e - a scroll of teleportation
 l - a scroll of magic mapping {unknown}
 m - a scroll of enchant armour {unknown}
 u - 2 scrolls of remove curse {unknown}
Potions
 i - a potion of flight
 o - a potion of curing {unknown}
 q - a potion of ambrosia {unknown}
 s - a potion of haste {unknown}
 t - a potion of heal wounds {unknown}
Comestibles
 f - 3 bread rations
 p - 3 meat rations
 v - 4 fruits


   Skills:
 + Level 4.8 Fighting
 + Level 3.7 Maces & Flails
 + Level 4.7 Armour
 + Level 4.9 Shields


You had 5 spell levels left.
You didn't know any spells.

Dungeon Overview and Level Annotations

Branches:
Dungeon (4/15)
 Temple: D:4-7

Altars:

Shops:
D:4 =

Annotations:
D:3 Sigmund


Innate Abilities, Weirdness & Mutations

You are resistant to torment.
Your stone body is resilient. (AC +4)
You are immune to poison.
You resist negative energy. (rN+)
You are resistant to electric shocks. (rElec)
You can survive without breathing.
You are immune to petrification.
You are immune to rotting.
You have sharp toenails.
You expend magic power (3 MP) to strengthen your wands.


Message History

You kill the orc!
The orc priest calls down the wrath of Beogh upon you.
Beogh smites you!
* * * LOW HITPOINT WARNING * * *
The orc priest hits you but does no damage.
You cannot move.
Unknown command.
It was a potion of cancellation.
Your magical effects are unravelling.
You feel magically purged.
You feel less wooden.
Your +0 scale mail unmelds from your body.
The orc priest invokes the aid of Beogh against you.
You barely resist.
It was a potion of degeneration.
There was something very wrong with that liquid.
You feel weakened.
You feel dopey.
You feel clumsy.
The orc priest calls down the wrath of Beogh upon you.
Pain shoots through your body!
You die...

..###.##.#.#......
..........#.##.#
...............#
....#.##.......∩#.#
................... .
....##.#.#.##.#.. ...#
...#.#.##.#.#
............####)o.......
.......# # #@#.##.#..
.......#. #.#o# .........
#.#.# ......... #.#.#
......... ..... .........
....# ......# ##....
......#. .... o........
##.##


You could see an orc priest.

Vanquished Creatures
  A hound (D:4)
  An iguana (D:4)
  Natasha (thrice) (D:3 D:2)
  A worker ant (D:4)
  5 adders
  5 gnolls (D:2)
  An ooze (D:1)
  3 worms
  2 dart slugs
  2 leopard geckos (D:3)
  5 orcs
  11 bats
  2 giant cockroaches
  5 hobgoblins
  3 jackals (D:1)
  A ball python (D:2)
  5 frilled lizards
  8 goblins
  11 kobolds
  9 rats
84 creatures vanquished.

Notes
Turn   | Place    | Note
-------+----------+-------------------------------------------
     0 | D:1      | Jannitor the Gargoyle Fighter began the quest for the Orb.
     0 | D:1      | Reached XP level 1. HP: 14/14 MP: 1/1
   193 | D:1      | Reached XP level 2. HP: 19/19 MP: 2/2
   629 | D:2      | Reached XP level 3. HP: 16/24 MP: 3/3
  1375 | D:2      | Reached XP level 4. HP: 27/29 MP: 4/4
  2127 | D:3      | Noticed Natasha
  2141 | D:3      | Killed Natasha
  2141 | D:3      | Reached XP level 5. HP: 6/33 MP: 5/5
  2222 | D:3      | Noticed Natasha
  2396 | D:3      | Noticed Sigmund
  2421 | D:2      | Killed Natasha
  2427 | D:2      | Noticed Natasha
  2825 | D:4      | Noticed an ogre
  2864 | D:4      | Reached XP level 6. HP: 27/39 MP: 6/6
  3964 | D:2      | Killed Natasha
  4221 | D:4      | Found Xecret's Jewellery Shoppe.
  4244 | D:4      | Gained mutation: You expend magic power (3 MP) to strengthen your wands. [potion of mutation]
  4244 | D:4      | Gained mutation: You have sharp toenails. [potion of mutation]
  4249 | D:4      | HP: 2/60 [orc priest/divine providence (14)]
  4251 | D:4      | Killed from afar by an orc priest

Skill      XL: |  1  2  3  4 |
---------------+-------------+-----
Fighting       | 4 |  4.8
Shields        | 4 |  4.9
Armour         | 4 |  4.7
Maces & Flails | 3 |  3.7

Action                   |  1- 3 |  4- 6 || total
-------------------------+-------+-------++-------
Melee: Flail             |   150 |   239 ||   389
  Use: Scroll            |       |     2 ||     2
       Potion            |       |     6 ||     6
  Eat: Chunk             |     2 |     6 ||     8
       Bread ration      |       |     1 ||     1
Armor: Scale mail        |   102 |   151 ||   253
       Skin              |       |     6 ||     6
Dodge: Dodged            |    56 |    74 ||   130
Block: Shield            |    98 |   161 ||   259
